 Seeded DCSS version 0.30-a0-377-g5cb311bc9f (webtiles) character file.

Game seed: 14958390455169030894 (custom seed)

3246 flotson the Trooper (level 9, -2/62 (71) HPs)
             Began as a Demonspawn Delver on Nov 27, 2022.
             Was an Initiate of Hepliaklqana.
             Killed from afar by Erica (9 damage)
             ... with a lance of force
             ... on level 8 of the Dungeon on Nov 28, 2022.
             The game lasted 00:14:28 (7445 turns).

flotson the Trooper (Demonspawn Delver)             Turns: 7445, Time: 00:14:29

HP:   -2/62 (71)    AC: 10    Str: 26    XL:     9   Next: 67%
MP:   9/9           EV: 11    Int: 12    God:    Hepliaklqana [......]
Gold: 108           SH:  9    Dex: 10    Spells: 8/8 levels left

rFire   . . .      SeeInvis .    a - +6 sling of Destiny {drain, Fragile rElec Str+9 Dex-4}
rCold   . . .      Faith    .    M - +2 kite shield
rNeg    . . .      Spirit   .    h - +0 ring mail
rPois   .          Reflect  .    (no helmet)
rElec   +          Harm     .    w - +0 cloak
rCorr   .          Rampage  .    (no gloves)
Will    .....                    p - +0 pair of boots
Stlth   ++........               y - amulet of the acrobat
HPRegen 0.30/turn                (no ring)
MPRegen 0.22/turn                (no ring)

@: hasted, heavily drained, very quick
A: slimy green scales 1, magic regeneration, demonic magic 1, demonic touch 2
a: Renounce Religion


You were on level 8 of the Dungeon.
You worshipped Hepliaklqana.
Hepliaklqana was noncommittal.
You visited 2 branches of the dungeon, and saw 9 of its levels.

You collected 398 gold pieces.
You spent 290 gold pieces at shops.

Inventory:

Hand Weapons
 a - the +6 sling of Destiny (weapon) {drain, Fragile rElec Str+9 Dex-4}
   (You bought it in a shop on level 4 of the Dungeon)

   A truly terrible weapon, it drains the life of any living foe it strikes.
   Str:       It affects your strength (+9).
   Dex:       It affects your dexterity (-4).
   rElec:     It insulates you from electricity.
   Fragile:   It will be destroyed if unequipped.
 b - the +5 spear of Massacring {vorpal, rF+ rCorr}
   (You found it on level 7 of the Dungeon)

   It inflicts extra damage upon your enemies.
   rF:        It protects you from fire.
   rCorr:     It protects you from acid and corrosion.
Missiles
 x - 5 javelins
 K - 9 poisoned darts
Armour
 h - a +0 ring mail (worn)
 p - a +0 pair of boots (worn)
 w - a +0 cloak (worn)
 M - a +2 kite shield (worn)
Jewellery
 u - an amulet of reflection
 y - an amulet of the acrobat (around neck)
Wands
 g - a wand of digging (4)
 t - a wand of charming (9)
 L - a wand of roots (7)
Scrolls
 c - 3 scrolls of fog
 d - 2 scrolls of magic mapping
 e - 2 scrolls of fear
 i - 3 scrolls of teleportation {unknown}
 j - a scroll of summoning
 l - 3 scrolls of poison {unknown}
 m - 3 scrolls of vulnerability {unknown}
 n - 3 scrolls of noise {unknown}
 q - 4 scrolls of identify {unknown}
 r - 3 scrolls of enchant armour {unknown}
 E - a scroll of enchant weapon {unknown}
Potions
 f - 3 potions of haste
 k - 2 potions of brilliance
 o - 2 potions of attraction {unknown}
 s - a potion of might {unknown}
 v - 4 potions of curing {unknown}
 z - a potion of magic {unknown}
 A - 2 potions of ambrosia {unknown}
 C - a potion of berserk rage {unknown}
 D - a potion of heal wounds {unknown}
 I - 2 potions of degeneration {unknown}
 J - a potion of mutation {unknown}


   Skills:
 + Level 6.8 Fighting
 - Level 1.7 Polearms
 + Level 3.5 Ranged Weapons
 + Level 2.7 Throwing
 + Level 5.3 Armour
 + Level 5.7 Dodging
 - Level 4.5 Stealth
 + Level 2.6 Shields
 + Level 5.9 Evocations


You had 8 spell levels left.
You didn't know any spells.
Your spell library contained the following spells:

 Spells                   Type           Power      Damage    Failure   Level
 Ensorcelled Hibernation  Hex/Ice        0%         N/A       93%         2
 Passwall                 Tmut/Erth      0%         N/A       93%         2
 Sublimation of Blood     Necr           0%         N/A       93%         2
 Wereblood                Tmut           0%         N/A       93%         2
 Swiftness                Air            0%         N/A       99%         3
 Summon Hydra             Summ           0%         N/A       100%        7
 Borgnjor's Revivificati  Necr           0%         N/A       100%        8
 Necromutation            Tmut/Necr      0%         N/A       100%        8
 Chain Lightning          Conj/Air       0%         N/A       100%        9
 Death's Door             Necr           0%         N/A       100%        9
 Fire Storm               Conj/Fire      0%         5d1       100%        9
 Shatter                  Erth           0%         3d5*      100%        9


Dungeon Overview and Level Annotations

Branches:
Dungeon (8/15)             Temple (1/1) D:6
   Lair: D:8-11

Altars:
Cheibriados
Hepliaklqana
Kikubaaqudgha
Makhleb
Okawaru
Qazlal
Ru
Vehumet
Xom

Shops:
D:4 (   D:5 [   D:8 :

Annotations:
D:8 Erica


Innate Abilities, Weirdness & Mutations

You are partially covered in slimy green scales. (AC +2)
You regenerate magic rapidly.
Spells you cast may paralyse adjacent enemies.
Your touch may inflict irresistible damage on your foes.


Message History

The lance of force misses you.
As you read the scroll of fog, it crumbles to dust.
The scroll dissolves into smoke.
You hear some strange, mumbled words.
A bolt of poison appears from out of thin air!
The bolt of poison misses you.
Fire: a) +6 sling of Destiny {drain, Fragile rElec Str+9 Dex-4}
Press: ? - help, Q - select action, (/) - cycle Shift-Dir - straight line
Aim: Disturbance (purple smoke)
You shoot a sling bullet.
Unknown command.
Fire: a) +6 sling of Destiny {drain, Fragile rElec Str+9 Dex-4}
Press: ? - help, Q - select action, (/) - cycle Shift-Dir - straight line
Aim: Disturbance (purple smoke)
You shoot a sling bullet. Something hits you. Something burns you.
Something hits you. Something burns you.
Aiming: Quicksilver Bolt
Press: ? - help, Shift-Dir - straight line
Aim: Disturbance (purple smoke)
Something hits you!
* * * LOW HITPOINT WARNING * * *
Something burns you.
* * * LOW HITPOINT WARNING * * *
Aiming: Quicksilver Bolt
Press: ? - help, Shift-Dir - straight line
Aim: Disturbance (purple smoke)
Something hits you!
* * * LOW HITPOINT WARNING * * *
Something burns you.
* * * LOW HITPOINT WARNING * * *
Aiming: Quicksilver Bolt
Press: ? - help, Shift-Dir - straight line
Aim: Disturbance (purple smoke)
The now-empty wand crumbles to dust.
You block something's attack.
You feel yourself speed up.
You hear some strange, mumbled words.
A lance of force appears from out of thin air!
The lance of force hits you!
You die...

####. #.# #.... #.#
#####'#.. #.# #...#.#..
#.# #.###.##. #.# #.#
#>#.. ##§## #.# #.≈..
####§§§#### #.# #.≈..
#§§{@#....# #.# #∩###
#§##§§§##.# #.# #.#
#§###§###.###.###.# #.#
#.# #.##...##'### #.#
#.###<##......zz.
#.....#...#.##..z######
#..###.###.#.###z## #..
.# #.#)# #.# #. ### #
#.#.# #.#


There were no monsters in sight!

Vanquished Creatures
  A hornet (D:7)
  A wyvern (D:8)
  2 steam dragons (D:7)
  A sky beast (D:7)
  2 ice beasts
  2 black bears
  An ogre (D:6)
  A centaur (D:5)
  A phantom (D:3)
  2 necrophages
  A bullfrog (D:6)
  A gnoll sergeant (D:5)
  3 scorpions
  4 wights
  4 killer bees (D:7)
  5 orc priests
  4 jellies
  Crazy Yiuf (D:2)
  5 hounds
  A gnoll bouda (D:4)
  Natasha (thrice) (D:2)
  4 iguanas
  6 orc wizards
  11 gnolls
  9 adders
  2 white imps (D:7)
  4 worms
  12 dart slugs
  20 orcs
  4 ball pythons
  3 endoplasms
  7 giant cockroaches
  9 goblins
  8 hobgoblins
  2 jackals (D:1)
  9 kobolds
  4 quokkas
  4 bats
  2 frilled lizards
  3 rats (D:1)
169 creatures vanquished.

Notes
Turn   | Place    | Note
-------+----------+-------------------------------------------
     0 | D:5      | flotson the Demonspawn Delver began the quest for the Orb.
     0 | D:5      | Reached XP level 1. HP: 18/18 MP: 1/1
    42 | D:5      | Gained mutation: You are partially covered in slimy green
                  | scales. (AC +2) [demonic ancestry]
    42 | D:5      | Reached XP level 2. HP: 21/24 MP: 2/2
   109 | D:5      | Noticed a gnoll sergeant
   125 | D:4      | Found Nileilleet's Antique Weapon Shop.
   239 | D:4      | Reached skill level 1 in Evocations
   267 | D:4      | Reached skill level 1 in Armour
   374 | D:2      | Reached XP level 3. HP: 20/29 MP: 3/3
  1266 | D:1      | Gained mutation: Your touch may inflict minor irresistible
                  | damage on your foes. [demonic ancestry]
  1266 | D:1      | Reached XP level 4. HP: 34/35 MP: 4/4
  1633 | D:2      | Noticed Natasha
  1645 | D:2      | Killed Natasha
  1721 | D:2      | Noticed Natasha
  1727 | D:2      | Killed Natasha
  1728 | D:2      | Gained mutation: Spells you cast may paralyse adjacent
                  | enemies. [demonic ancestry]
  1728 | D:2      | Reached XP level 5. HP: 34/42 MP: 5/5
  1882 | D:2      | Reached skill level 4 in Fighting
  1909 | D:2      | Found a runed translucent door.
  1910 | D:2      | Noticed Crazy Yiuf
  1919 | D:2      | Killed Crazy Yiuf
  2088 | D:2      | Noticed Natasha
  2415 | D:2      | Killed Natasha
  3103 | D:3      | Noticed a phantom
  3114 | D:3      | Killed a phantom
  3115 | D:3      | Reached XP level 6. HP: 49/49 MP: 6/6
  3420 | D:3      | Found a faded altar of an unknown god.
  3821 | D:4      | Identified the +6 dagger of the Inferno {vorpal, Fragile
                  | rN+ Int+10 Stlth+}
  3935 | D:4      | Found a radiant altar of Vehumet.
  3964 | D:4      | Bought a warped spear for 160 gold pieces
  3964 | D:4      | Identified the +2 spear of Tartarus {freeze, Dex+3} (You
                  | bought it in a shop on level 4 of the Dungeon)
  4041 | D:4      | Gained mutation: You regenerate magic rapidly. [demonic
                  | ancestry]
  4041 | D:4      | Reached XP level 7. HP: 55/55 MP: 7/7
  4132 | D:5      | Reached skill level 5 in Fighting
  4502 | D:5      | Found Yleekuh's Antique Armour Emporium.
  4728 | D:4      | Bought an encrusted sling for 130 gold pieces
  4728 | D:4      | Identified the +6 sling of Destiny {drain, Fragile rElec
                  | Str+9 Dex-4} (You bought it in a shop on level 4 of the
                  | Dungeon)
  4856 | D:6      | Gained mutation: Your touch may inflict irresistible damage
                  | on your foes. [demonic ancestry]
  4856 | D:6      | Reached XP level 8. HP: 63/63 MP: 8/8
  4863 | D:6      | Reached skill level 1 in Ranged Weapons
  5371 | D:6      | Found a staircase to the Ecumenical Temple.
  5380 | Temple   | Entered the Ecumenical Temple
  5387 | Temple   | Became a worshipper of Hepliaklqana the Forgotten
  5538 | D:7      | Reached skill level 5 in Evocations
  5695 | D:7      | Reached skill level 6 in Fighting
  5695 | D:7      | Reached skill level 1 in Throwing
  5695 | D:7      | Reached skill level 5 in Dodging
  5701 | D:7      | Noticed a troll
  5920 | D:7      | Reached skill level 1 in Shields
  5948 | D:7      | Noticed a hornet
  5951 | D:7      | Killed a hornet
  5952 | D:7      | Reached XP level 9. HP: 67/69 MP: 9/9
  6112 | D:7      | Reached skill level 5 in Armour
  6248 | D:7      | Identified the +5 spear of Massacring {vorpal, rF+ rCorr}
  6583 | D:7      | Identified the +0 ring mail "Ageokhyekh" {-Tele rElec Dex+6
                  | Stlth+}
  6922 | D:8      | Found Ludwoust's Book Boutique.
  7428 | D:8      | Noticed Erica
  7445 | D:8      | Killed from afar by Erica

Illustrated notes

Levels and vault maps discovered:
D:1:      reono_arrival_forest_river, layout_loops_corners, hex_tiny,
          minmay_misc_feat_diagonals, minmay_surrounded
D:2:      layout_basic, uniq_crazy_yiuf_cottage, uniq_natasha
D:3:      layout_basic, shapermc_ecumenical_altar_mp_highgroup
D:4:      layout_basic, lemuel_coloured_pillars_altar, serial_shops,
          nicolae_shop_competitors_out_of_business
D:5:      kennysheep_slugbush, layout_basic, serial_shops,
          nicolae_take_the_stairs
D:6:      layout_loops_ring, temple_statues
D:7:      layout_basic
D:8:      layout_loops_ring, serial_shops, nicolae_shop_hallway_stairs,
          uniq_erica
Temple:   nicolae_temple_bog_church

Skill      XL: |  1  2  3  4  5  6  7  8  9 |
---------------+----------------------------+-----
Dodging        | 2 3 4 5 |  5.7
Evocations     | 1 2 3 4 5 |  5.9
Armour         | 1 2 3 4 5 |  5.3
Fighting       | 4 5 6 |  6.8
Ranged Weapons | 2 3 |  3.5
Throwing       | 1 2 |  2.7
Shields        | 1 2 |  2.6
Polearms       | |  1.7
Stealth        | |  4.5

Action                   |  1- 3 |  4- 6 |  7- 9 || total
-------------------------+-------+-------+-------++-------
Melee: Spear             |   183 |     9 |       ||   192
       Punch             |     1 |     1 |       ||     2
       Whip              |       |    52 |       ||    52
       Touch             |       |     8 |       ||     8
       Quarterstaff      |       |    75 |    60 ||   135
 Fire: Sling             |       |       |   229 ||   229
Evoke: Wand              |     1 |       |     6 ||     7
  Use: Scroll            |       |       |     2 ||     2
       Potion            |       |       |     1 ||     1
 Stab: Sleeping          |     3 |     9 |     2 ||    14
Armor: Leather armour    |     2 |       |       ||     2
       Ring mail         |    55 |    50 |    77 ||   182
Dodge: Dodged            |    62 |    61 |   159 ||   282
Block: Other             |       |    15 |    29 ||    44
       Reflection        |       |     1 |     2 ||     3
       Kite shield       |       |       |    86 ||    86

Table legend: (Time is in decaauts)
 A = Elapsed time spent in this place.
 B = Non-inter-level travel time spent in this place.
 C = Inter-level travel time spent in this place.
 D = Time resting spent in this place.
 E = Time spent auto-exploring this place.
 F = Levels seen in this place.
 G = Mean time per level.
                   A        B        C        D        E       F      G
               +--------+--------+--------+--------+--------+-----+--------+
         Total |   7629 |   7195 |    434 |    417 |   5297 |   9 |  847.7 |
       Dungeon |   7612 |   7186 |    426 |    417 |   5297 |   8 |  951.5 |
        Temple |     17 |     10 |      7 |      0 |      0 |   1 |   17.0 |
               +--------+--------+--------+--------+--------+-----+--------+

Top non-repeatable levels by time:
     D:7: 1590 daAuts
     D:2: 1228 daAuts
     D:4: 1079 daAuts
     D:1: 1009 daAuts
     D:3: 899 daAuts
     D:6: 892 daAuts
     D:5: 651 daAuts
     D:8: 261 daAuts
  Temple: 17 daAuts
